 Dungeon Crawl Stone Soup version 0.27-a0-931-g5a74e75d8f (webtiles) character file.

Game seed: 2476487928222996048

82610 tilp the Warrior (level 14, -6/135 HPs)
             Began as a Demigod Ice Elementalist on Apr 9, 2021.
             Mangled by an orc warrior
             ... wielding a +0 halberd
             ... led by an orc knight
              (19 damage)
             ... on level 2 of the Orcish Mines on Apr 10, 2021.
             The game lasted 01:42:21 (42276 turns).

tilp the Warrior (Demigod Ice Elementalist)        Turns: 42276, Time: 01:42:22

Health: -6/135     AC: 20    Str: 13    XL:     14   Next: 90%
Magic:  0/31       EV: 16    Int: 38    God:
Gold:   2115       SH:  5    Dex: 14    Spells: 1/30 levels left

rFire    + . .     SeeInvis .   a - +1 hand axe (elec)
rCold    . . .     Faith    .   b - +0 buckler {rN+}
rNeg     + . .     Spirit   +   I - +2 robe {rF+}
rPois    +         Reflect  .   t - +1 hat of Nemelex Xobeh's Fury {Slay+2}
rElec    +         Harm     .   p - +0 cloak {rCorr}
rCorr    +         Rampage  .   Y - +2 pair of gloves {Stlth+}
Will     ++++.                  (no boots)
Stlth    ++++......             k - amulet of guardian spirit
HPRegen  0.32/turn              z - ring of the Mage {Wiz Will++ Int+3}
MPRegen  0.22/turn              U - ring "Loenyppy" {rElec rPois Will+ Int+6}

@: ice-armoured, studying Crossbows
A: high mp 1, forlorn
a: no special abilities


You were on level 2 of the Orcish Mines.
You visited 4 branches of the dungeon, and saw 20 of its levels.
You also visited: Sewer, Gauntlet and Volcano.

You collected 2823 gold pieces.
You spent 708 gold pieces at shops.

Inventory:

Hand Weapons
 a - a +1 hand axe of electrocution (weapon)
 g - a +0 lajatang of freezing
 K - a +3 scimitar of flaming
 W - a +4 glaive of flaming
Missiles
 u - 17 javelins
 L - 17 boomerangs (quivered)
 V - 18 poisoned darts
Armour
 b - a +0 buckler of positive energy (worn)
 p - a +0 cloak of preservation (worn)
 t - the +1 hat of Nemelex Xobeh's Fury (worn) {Slay+2}
   (You found it in a Gauntlet)

   It affects your accuracy and damage with ranged weapons and melee attacks
   (+2).
 D - a +3 chain mail of fire resistance
 I - a +2 robe of fire resistance (worn)
 M - the +1 buckler of the Beekeeper {*Corrode rPois rC+ Will+}
   (You bought it in a shop on level 10 of the Dungeon)

   It protects you from cold.
   It protects you from poison.
   It may corrode you when you take damage.
   It increases your willpower.
 Y - a +2 pair of gloves of stealth (worn)
Magical Staves
 w - a staff of conjuration
Jewellery
 k - an amulet of guardian spirit (around neck)
 s - the ring of Jivanty {Wiz +Inv rN++ Will- Str+3}
   (You found it in a Gauntlet)

   [ring of wizardry]

   It improves your spell success rate.
   It affects your strength (+3).
   It greatly protects you from negative energy.
   It lets you turn invisible.
   It decreases your willpower.
 z - the ring of the Mage (left hand) {Wiz Will++ Int+3}
   (You took it off a hobgoblin on level 4 of the Dungeon)

   [ring of wizardry]

   It improves your spell success rate.
   It affects your intelligence (+3).
   It greatly increases your willpower.
 P - a ring of protection from fire
 R - a +4 ring of slaying
 U - the ring "Loenyppy" (right hand) {rElec rPois Will+ Int+6}
   (You took it off an orc knight on level 11 of the Dungeon)

   [ring of intelligence]

   It affects your intelligence (+6).
   It insulates you from electricity.
   It protects you from poison.
   It increases your willpower.
Wands
 m - a wand of polymorph (13)
 n - a wand of flame (35)
 q - a wand of acid (7)
 C - a wand of iceblast (31)
 Q - a wand of digging (4)
 S - a wand of paralysis (23)
 Z - a wand of mindburst (16)
Scrolls
 d - 3 scrolls of fog
 f - 2 scrolls of amnesia
 h - a scroll of magic mapping
 j - 7 scrolls of teleportation
 v - 4 scrolls of enchant weapon
 G - a scroll of summoning
 J - a scroll of fear
 N - a scroll of vulnerability {unknown}
Potions
 c - 3 potions of magic
 e - 2 potions of resistance
 i - 2 potions of brilliance
 l - 4 potions of flight
 o - 4 potions of might
 r - 4 potions of curing
 x - 4 potions of lignification
 B - a potion of ambrosia {unknown}
 E - a potion of mutation
 F - a potion of haste {unknown}
 H - a potion of cancellation {unknown}
 O - 3 potions of berserk rage
 T - 2 potions of attraction
Miscellaneous
 y - a tin of tremorstones (inert)
 X - a condenser vane (inert)


   Skills:
 - Level 15.0 Fighting
 - Level 10.0 Dodging
 - Level 4.0 Stealth
 - Level 4.0 Shields
 + Level 8.9 Spellcasting
 - Level 4.0 Conjurations
 - Level 12.0 Ice Magic
 + Level 7.4 Evocations


You had one spell level left.
You knew the following spells:

 Your Spells              Type           Power      Damage    Failure   Level
a - Freeze                Ice            100%       1d11      0%          1
b - Frozen Ramparts       Ice            100%       1d12      1%          3
c - Ozocubu's Armour      Ice            83%        N/A       1%          3
d - Hailstorm             Conj/Ice       67%        3d14      1%          4
e - Summon Ice Beast      Ice/Summ       58%        N/A       1%          4
f - Blink                 Tloc           N/A        N/A       1%          2
g - Corona                Hex            18%        N/A       1%          1
h - Mephitic Cloud        Conj/Pois/Air  27%        N/A       1%          3
i - Ignite Poison         Fire/Tmut/Pois 17%        N/A       2%          3
j - Ensorcelled Hibernat  Hex/Ice        100%       N/A       1%          2
k - Tukima's Dance        Hex            17%        N/A       2%          3

Your spell library contained the following spells:

 Spells                   Type           Power      Damage    Failure   Level
 Animate Skeleton         Necr           34%        N/A       1%          1
 Apportation              Tloc           34%        N/A       1%          1
 Magic Dart               Conj           100%       1d8       1%          1
 Shock                    Conj/Air       100%       1d9       1%          1
 Sting                    Tmut/Pois      68%        1d6       1%          1
 Summon Small Mammal      Summ           68%        N/A       1%          1
 Call Imp                 Summ           17%        N/A       1%          2
 Poisonous Vapours        Pois/Air       34%        N/A       1%          2
 Slow                     Hex            17%        N/A       1%          2
 Swiftness                Air            17%        N/A       1%          2
 Conjure Flame            Conj/Fire      32%        6-21      1%          3
 Dazzling Flash           Conj/Hex       64%        N/A       1%          3
 Static Discharge         Conj/Air       32%        N/A       1%          3
 Confusing Touch          Hex            17%        N/A       2%          3
 Airstrike                Air            8%         N/A       9%          4
 Olgreb's Toxic Radiance  Pois           17%        N/A       9%          4
 Lightning Bolt           Conj/Air       16%        1d30      12%         5
 Freezing Cloud           Conj/Ice/Air   27%        6-21      16%         6
 Conjure Ball Lightning   Conj/Air       16%        3x3d6     50%         6
 Ignition                 Fire           8%         3d5       100%        8
 Shatter                  Erth           8%         3d10*     100%        9
 Tornado                  Air            8%         N/A       100%        9


Dungeon Overview and Level Annotations

Branches:
Dungeon (11/15)            Temple (1/1) D:6            Lair (6/6) D:9
  Swamp (0/4) Lair:2        Snake (0/4) Lair:4        Slime (0/5) Lair:6
    Orc (2/2) D:10            Elf (0/3) Orc:2         Sewer (visited)
Volcano (visited)         Gauntlet (visited)

Shops:
D:10 (![   Orc:2 =*((=

Annotations:
Lair:2 2 transporters, Jatofuta's ghost, journeyman MfGl
Lair:5 2 transporters, Lenkkari's ghost, journeyman GrFi
Orc:2 exclusion: 4 doors


Innate Abilities, Weirdness & Mutations

Your attributes grow dramatically as you level up.
You have an increased reservoir of magic. (+10% MP)
You shall have no god before yourself.


Message History

The troll barely misses you.
The wall freezes the orc knight.
You closely miss the orc knight.
The orc knight is severely wounded.
You hit the orc warrior but do no damage.
You hit the troll.
The frozen ramparts melt away.
The orc warrior hits you from afar with a +0 halberd!
* * * LOW HITPOINT WARNING * * *
The orc warrior hits you with a +0 mace of protection!
* * * LOW HITPOINT WARNING * * *
A warg comes into view.
The troll bites you!
* * * LOW HITPOINT WARNING * * *
The troll barely misses you. The troll claws you but does no damage.
The orc knight hits you but does no damage.
A warg comes into view.
The orc warrior hits you from afar with a +0 halberd.
* * * LOW HITPOINT WARNING * * *
The warg howls! x2
You hit the orc knight but do no damage.
The orc knight is severely wounded.
You closely miss the orc warrior. You hit the orc.
Lightning courses through the orc!
You kill the orc!
You slash the troll! Lightning courses through the troll!!
You kill the troll!
You hear a shout! x4
The orc warrior no longer looks unusually strong.
The orc warrior barely misses you.
The orc knight roars a battlecry!
The orc warrior goes into a battle-frenzy!
The orc warrior barely misses you.
Unknown command.
You barely miss the orc knight.
The orc knight is severely wounded.
You hit the orc warrior.
Lightning courses through the orc warrior!!
The orc knight hits you with a +0 dire flail!
* * * LOW HITPOINT WARNING * * *
The orc warrior hits you from afar with a +0 halberd!!
You die...

.o.3.............................
o..[.)...........................
.To.........#......[.............
....[............).[.............
..[.[.......hh......[............
....[............................
.....[........)o.................
...#[[...[[....oo†..............#
...............#@o..#..........#.
.........[.[.......###...........
.........#........#.###..##......
........#............#,...,......
..................#..##,,,,......
...^.............##...#**,*......
..........#....#####.## **,......
...............# ### **,,......
.........[)....## *,,,###.##


You could see an orc knight, 2 wargs, 2 orc warriors and an orc priest (strong).

Vanquished Creatures
  An orc warlord (Orc:2)
  A reaper (Gauntlet)
  A minotaur (Gauntlet)
  3 boulder beetles
  3 hydras
  A catoblepas (Lair:4)
  Erica (D:8)
  A dancing weapon (Volcano)
  7 orc high priests (Orc:2)
  9 death yaks
  3 two-headed ogres (D:11)
  4 orc knights
  Pikel (D:8)
  6 wizards
  A deep elf pyromancer (D:11)
  3 orc sorcerers (Orc:2)
  An oklob plant (Lair:2)
  2 cyclopes (D:11)
  2 ugly things (D:11)
  A moth of wrath (Gauntlet)
  A manticore (D:11)
  11 elephants (Lair:4)
  5 toenail golems (Volcano)
  3 black mambas
  2 gargoyles (D:11)
  27 cane toads
  A minotaur zombie (Gauntlet)
  Maggie (D:8)
  3 rime drakes
  5 komodo dragons
  2 efreet
  2 hellwings (Gauntlet)
  7 trolls
  5 polar bears
  20 blink frogs
  3 slime creatures (Gauntlet)
  Grinder (D:5)
  5 tyrant leeches (Lair:6)
  Prince Ribbit (D:8)
  A slime creature (shapeshifter) (D:11)
  Sigmund (D:3)
  2 vampires
  A wraith (D:10)
  A shadow (D:11)
  5 wyverns
  A centaur simulacrum (D:11)
  A ynoxinul (Gauntlet)
  3 fire elementals (Gauntlet)
  41 yaks
  10 vampire mosquitoes
  6 basilisks
  A steam dragon (D:7)
  3 nagas (Lair:4)
  5 wargs (Orc:2)
  3 hell hounds (Gauntlet)
  14 water moccasins
  23 orc warriors
  2 sky beasts
  2 ice beasts (D:7)
  A hornet zombie (D:6)
  A swamp drake (Lair:1)
  6 black bears
  5 ogres
  26 wolves
  4 boggarts (Lair:4)
  2 necrophages
  11 centaurs
  A lemure (D:8)
  A kobold brigand (D:8)
  23 bullfrogs
  2 scorpions (D:5)
  A gnoll sergeant (D:8)
  A water moccasin zombie (D:5)
  A wyvern zombie (D:6)
  A water moccasin skeleton (D:5)
  13 killer bees
  13 wights
  4 howler monkeys
  2 electric eels (D:10)
  A bullfrog zombie (D:6)
  A centaur zombie (D:8)
  2 hounds
  31 orc priests
  3 centaur skeletons
  4 jellies
  2 bullfrog skeletons
  4 iron imps (Gauntlet)
  A gnoll shaman (D:8)
  2 iguanas
  16 orc wizards
  A hound skeleton (D:5)
  A howler monkey zombie (D:8)
  18 gnolls
  A howler monkey skeleton (D:6)
  A river rat (D:4)
  11 adders
  2 white imps (D:6)
  An adder skeleton (D:4)
  A dart slug (D:5)
  80 orcs
  19 endoplasms
  9 giant cockroaches
  8 goblins
  9 hobgoblins
  4 jackals
  10 quokkas
  17 ball pythons
  7 bats
  19 frilled lizards
  13 kobolds
  12 rats
713 creatures vanquished.

Vanquished Creatures (collateral kills)
  A death yak (Lair:6)
  A cane toad (Lair:1)
  A basilisk (Lair:1)
  3 vampire mosquitoes (Lair:1)
  An orc priest (Orc:2)
  3 orcs (Orc:2)
10 creatures vanquished.

Vanquished Creatures (others)
  A centaur zombie (D:11)
  A kobold brigand (D:7)
  A howler monkey (D:7)
  2 iguanas (D:7)
  A howler monkey skeleton (D:7)
  An orc (D:4)
  85 fungi
  151 plants
243 creatures vanquished.

Grand Total: 966 creatures vanquished

Notes
Turn   | Place    | Note
-------+----------+-------------------------------------------
     0 | D:1      | tilp the Demigod Ice Elementalist began the quest for the
                  | Orb.
     0 | D:1      | Reached XP level 1. HP: 14/14 MP: 5/5
    21 | D:1      | Noticed a bullfrog
   621 | D:1      | Reached XP level 2. HP: 16/20 MP: 5/7
  1491 | D:2      | Reached XP level 3. HP: 26/26 MP: 5/8
  1495 | D:2      | Learned a level 3 spell: Frozen Ramparts
  1710 | D:2      | Noticed a necrophage
  1719 | D:2      | Killed a necrophage
  1720 | D:2      | Reached skill level 5 in Ice Magic
  1720 | D:2      | Reached XP level 4. HP: 14/33 MP: 0/9
  2104 | D:2      | Reached XP level 5. HP: 37/38 MP: 4/10
  2231 | D:2      | Learned a level 3 spell: Ozocubu's Armour
  2991 | D:3      | Noticed Sigmund
  3199 | D:3      | Noticed a black bear
  3283 | D:3      | Killed a black bear
  3284 | D:3      | Reached XP level 6. HP: 39/45 MP: 1/13
  3546 | D:3      | Killed Sigmund
  4364 | D:4      | Reached XP level 7. HP: 36/50 MP: 6/16
  4591 | D:4      | Found a glowing drain.
  4620 | Sewer    | Entered a sewer
  6327 | D:4      | Learned a level 4 spell: Hailstorm
  6332 | D:4      | Learned a level 4 spell: Summon Ice Beast
  6675 | D:5      | Entered Level 5 of the Dungeon
  6841 | D:5      | Noticed Grinder
  6852 | D:5      | Killed Grinder
  6853 | D:5      | Reached skill level 5 in Spellcasting
  6853 | D:5      | Reached skill level 2 in Fighting
  6853 | D:5      | Reached XP level 8. HP: 40/61 MP: 8/19
  7093 | D:5      | Reached skill level 3 in Fighting
  7548 | D:5      | Reached skill level 4 in Fighting
  7561 | D:5      | Reached skill level 1 in Evocations
  7794 | D:5      | Learned a level 2 spell: Blink
  8999 | D:6      | Reached XP level 9. HP: 71/71 MP: 11/21
  9315 | D:6      | Found a staircase to the Ecumenical Temple.
  9374 | Temple   | Entered the Ecumenical Temple
 10971 | D:8      | Noticed Prince Ribbit
 10977 | D:8      | Killed Prince Ribbit
 10978 | D:8      | Reached skill level 10 in Ice Magic
 11272 | D:8      | Noticed Maggie
 11987 | D:8      | Noticed Pikel
 11995 | D:8      | Killed Pikel
 11996 | D:8      | Reached skill level 5 in Fighting
 12483 | D:9      | Found a staircase to the Lair.
 12512 | D:9      | Reached XP level 10. HP: 80/81 MP: 3/22
 13121 | D:9      | Reached skill level 6 in Fighting
 13818 | D:9      | Reached skill level 7 in Fighting
 13951 | D:9      | Learned a level 1 spell: Corona
 13955 | D:9      | Learned a level 3 spell: Mephitic Cloud
 13983 | D:10     | Entered Level 10 of the Dungeon
 14250 | D:10     | Found Qunneuth's Weapon Emporium.
 14477 | D:10     | Found Xuirch's Antique Armour Shoppe.
 14685 | D:10     | Reached skill level 8 in Fighting
 14820 | D:10     | Bought a transparent buckler for 294 gold pieces
 14820 | D:10     | Identified the +1 buckler of the Beekeeper {*Corrode rPois
                  | rC+ Will+} (You bought it in a shop on level 10 of the
                  | Dungeon)
 14845 | D:10     | Found Oshreuzo's Distillery.
 14853 | D:10     | Bought a potion of curing for 42 gold pieces
 14878 | D:10     | Reached skill level 1 in Shields
 15345 | D:10     | Noticed an angel
 15345 | D:10     | Noticed an Executioner
 15866 | D:10     | Found a staircase to the Orcish Mines.
 16060 | D:11     | Noticed a manticore
 16067 | D:11     | Killed a manticore
 16246 | D:11     | Reached skill level 1 in Conjurations
 16367 | D:11     | Noticed a boulder beetle
 16378 | D:11     | Killed a boulder beetle
 16563 | D:11     | Noticed a cyclops
 16565 | D:11     | Reached XP level 11. HP: 94/94 MP: 10/24
 16854 | D:11     | Noticed a two-headed ogre
 16862 | D:11     | Killed a two-headed ogre
 17528 | D:11     | Noticed an orc knight
 18120 | D:11     | Noticed a two-headed ogre
 18124 | D:11     | Killed a two-headed ogre
 18226 | D:11     | Killed an orc knight
 18579 | D:11     | Identified the +1 plate armour "Haega" {+Inv Int-5 SInv
                  | Stlth+}
 18579 | D:11     | Identified the ring "Loenyppy" {rElec rPois Will+ Int+6}
 18579 | D:11     | Noticed an orc knight
 18591 | D:11     | Killed an orc knight
 18600 | D:11     | Learned a level 3 spell: Ignite Poison
 18945 | D:11     | Noticed a boulder beetle
 18955 | D:11     | Killed a boulder beetle
 18955 | D:11     | Noticed a deep elf pyromancer
 18962 | D:11     | Killed a deep elf pyromancer
 19294 | D:11     | Noticed a two-headed ogre
 19300 | D:11     | Killed a two-headed ogre
 19513 | D:11     | Noticed a wizard
 19521 | D:11     | Killed a wizard
 19821 | D:10     | Bought a pair of glowing gloves for 232 gold pieces
 20132 | Lair:1   | Entered Level 1 of the Lair of Beasts
 20469 | Lair:1   | Reached skill level 9 in Fighting
 20469 | Lair:1   | Reached XP level 12. HP: 104/104 MP: 12/28
 20953 | Lair:1   | Reached skill level 10 in Fighting
 21405 | Lair:1   | Upgraded the game from 0.27-a0-920-gb2bd10914a to
                  | 0.27-a0-931-g5a74e75d8f
 21622 | Lair:1   | Reached skill level 5 in Evocations
 21986 | Lair:2   | Found a dark tunnel.
 21992 | Volcano  | Entered a volcano
 22293 | Volcano  | Reached skill level 5 in Dodging
 23064 | Lair:2   | Found a staircase to the Swamp.
 23073 | Lair:2   | Noticed a seven-headed hydra
 23086 | Lair:2   | Killed a seven-headed hydra
 23310 | Lair:2   | Found a transporter.
 23316 | Lair:2   | Noticed Jatofuta's ghost (journeyman MfGl)
 23327 | Lair:2   | Found a transporter.
 23544 | Lair:2   | Reached skill level 11 in Fighting
 23996 | Lair:2   | Learned a level 2 spell: Ensorcelled Hibernation
 24098 | D:10     | Bought 2 potions of heal wounds for 140 gold pieces
 24798 | Lair:3   | Reached XP level 13. HP: 116/116 MP: 17/29
 25284 | Lair:3   | Identified the +1 scale mail of Kaub {rPois rC+ Will+}
 25808 | Lair:4   | Identified the +3 ring mail of Okawaru's Benevolence
                  | {rElec}
 25880 | Lair:4   | Reached skill level 12 in Fighting
 26819 | Lair:4   | Found a staircase to the Snake Pit.
 27802 | Lair:5   | Found a transporter.
 28560 | Lair:5   | Found a transporter.
 28561 | Lair:5   | Noticed Lenkkari's ghost (journeyman GrFi)
 28870 | Lair:6   | Entered Level 6 of the Lair of Beasts
 29550 | Lair:6   | Reached skill level 13 in Fighting
 29856 | Lair:6   | Reached XP level 14. HP: 129/129 MP: 19/30
 30172 | Lair:6   | Reached skill level 10 in Dodging
 31898 | Lair:6   | Identified the Handbook of the Igneous Birds
 32041 | Lair:6   | Reached skill level 14 in Fighting
 32115 | Lair:6   | Found a staircase to the Slime Pits.
 33029 | Lair:6   | Learned a level 3 spell: Tukima's Dance
 33742 | D:8      | Noticed Erica
 33748 | D:8      | Killed Erica
 34333 | D:8      | Killed Maggie
 34676 | Orc:1    | Entered Level 1 of the Orcish Mines
 35491 | Orc:2    | Entered Level 2 of the Orcish Mines
 35503 | Orc:2    | Found a gate leading to a gauntlet.
 35528 | Gauntlet | Entered a Gauntlet
 35528 | Gauntlet | Found a transporter.
 35538 | Gauntlet | Found a transporter.
 35541 | Gauntlet | Found a transporter.
 35542 | Gauntlet | Found a transporter.
 35550 | Gauntlet | Found a transporter.
 35553 | Gauntlet | Found a transporter.
 35554 | Gauntlet | Found a transporter.
 35561 | Gauntlet | Found a runed translucent gate.
 35561 | Gauntlet | Found a runed translucent gate.
 35563 | Gauntlet | Found a transporter.
 35566 | Gauntlet | Found a transporter.
 35567 | Gauntlet | Found a transporter.
 35575 | Gauntlet | Found a transporter.
 35575 | Gauntlet | Found a runed translucent gate.
 35578 | Gauntlet | Found a transporter.
 35579 | Gauntlet | Found a transporter.
 35584 | Gauntlet | Noticed a reaper
 35586 | Gauntlet | Found a runed translucent door.
 35589 | Gauntlet | Found a transporter.
 36484 | Gauntlet | Identified the ring of Jivanty {Wiz +Inv rN++ Will- Str+3}
 36537 | Gauntlet | Killed a reaper
 36922 | Gauntlet | Identified the +1 hat of Nemelex Xobeh's Fury {Slay+2}
 37302 | Orc:2    | Reached skill level 15 in Fighting
 39028 | Orc:2    | Found Nadyal's Jewellery Emporium.
 39146 | Orc:2    | Noticed an orc warlord
 40796 | Orc:2    | Found Vuilan's Weapon Emporium.
 40796 | Orc:2    | Found Boxaax's Jewellery Shop.
 40997 | Orc:2    | Found a staircase to the Elven Halls.
 41034 | Orc:2    | Killed an orc warlord
 41529 | Orc:2    | Found Xuuruffae's General Store.
 41529 | Orc:2    | Found Liarreb's Weapon Shop.
 42276 | Orc:2    | Mangled by an orc warrior

Illustrated notes

Levels and vault maps discovered:
D:1:      evilmike_arrival_come_back, layout_loops_ring, minmay_distorted
D:2:      layout_basic, basic_altar, chequers_big_river, minmay_pentomino_o2
D:3:      layout_loops_ring, minmay_randomly_rotated_circles, uniq_sigmund
D:4:      layout_basic, general_overflow_altar, portal_sewer_entry_e,
          lemuel_old_faithful
D:5:      minmay_evil_eye, layout_rooms, uniq_grinder
D:6:      layout_basic, overflow_temple_1_default,
          gammafunk_temple_overflow_elements, minmay_temple_entry_proselytizer,
          dk_noncrumbling_4, lightli_orcish_oven
D:7:      layout_rooms, xom_confusion_cloud, kiku_gazebo_garden_becter,
          kennysheep_mini_moat
D:8:      layout_basic, ashenzari_conservatory_becter, grunt_gozag_statues,
          minmay_misc_feat_plants, uniq_pikel, uniq_erica, uniq_maggie,
          uniq_prince_ribbit1
D:9:      layout_cave_pods, due_lair_maze_entry_diamond
D:10:     layout_roguey, grunt_temple_overflow_order_and_chaos_2,
          lemuel_tele_altar, erik_orc_2, serial_shops, shop, shop,
          nicolae_shop_stone, chequers_serial_rivers_large_a
D:11:     minmay_the_grid_triangle_9x9_line_8_mashed
          [minmay_the_grid_triangle_9x9_swiss_cheese,
          minmay_the_grid_triangle_9x9_corruption,
          minmay_the_grid_triangle_9x9_intruding_spiral,
          minmay_the_grid_triangle_9x9_descending_squares,
          minmay_the_grid_triangle_9x9_minimal,
          minmay_the_grid_triangle_9x9_flanged_cone,
          minmay_the_grid_triangle_9x9_dagger,
          minmay_the_grid_triangle_9x9_prize_center], layout_long_grid
Temple:   compressed_dpeg_circular_temple
Lair:1:   layout_regular_city, minivault_19, pond
Lair:2:   layout_chaotic_city, swamp_mist, lightli_volcano_entry_magma_tube,
          gammafunk_ghost_wrathful_warriors, infiniplex_staircase_pool_2
Lair:3:   layout_roguey
Lair:4:   beast_lair_carwin_large_2, layout_misc_corridors,
          minmay_snake_entry_guardpost_small, kilobyte_rumbling_trees
Lair:5:   layout_cave_shapes, gammafunk_ghost_hive
Lair:6:   minmay_lair_end_frog_pond, layout_hall_layers,
          dpeg_slime_entry_enclosed_altar
Orc:1:    layout_caves
Orc:2:    st_orc_town, layout_caves, gauntlet_entry_generic, serial_shops, shop,
          minmay_orc_treasury

Skill      XL: |  1  2  3  4  5  6  7  8  9 10 11 12 13 14 |
---------------+-------------------------------------------+-----
Ice Magic      | 4 5 6 7 8 10 12 | 12.0
Spellcasting   | 2 3 5 6 8 |  8.9
Fighting       | 2 4 5 8 9 11 13 15 | 15.0
Dodging        | 2 4 6 9 10 | 10.0
Stealth        | 2 4 |  4.0
Evocations     | 4 6 7 |  7.4
Shields        | 4 |  4.0
Conjurations   | 4 |  4.0

Action                   |  1- 3 |  4- 6 |  7- 9 | 10-12 | 13-15 || total
-------------------------+-------+-------+-------+-------+-------++-------
Melee: Club              |     3 |       |       |       |       ||     3
       Dagger            |    13 |     7 |   163 |       |       ||   183
       Unarmed           |     1 |       |       |       |       ||     1
       Hand axe          |       |       |    94 |   216 |   497 ||   807
Throw: Stone             |     3 |     2 |    11 |     2 |       ||    18
       Dart              |       |       |       |    28 |     9 ||    37
       Boomerang         |       |       |       |     6 |    46 ||    52
       Throwing net      |       |       |       |       |     1 ||     1
 Cast: Freeze            |    44 |    58 |   121 |    45 |   123 ||   391
       Ozocubu's Armour  |       |     7 |    54 |    75 |    97 ||   233
       Frozen Ramparts   |       |     6 |    42 |    58 |    62 ||   168
       Hailstorm         |       |       |    17 |   135 |   207 ||   359
       Summon Ice Beast  |       |       |     1 |     8 |    13 ||    22
       Corona            |       |       |       |     9 |       ||     9
       Mephitic Cloud    |       |       |       |    11 |     3 ||    14
       Ignite Poison     |       |       |       |     2 |     3 ||     5
       Tukima's Dance    |       |       |       |       |     4 ||     4
       Ensorcelled Hiber |       |       |       |       |     1 ||     1
Evoke: Wand              |       |       |     4 |     6 |    16 ||    26
       Condenser vane    |       |       |       |       |     3 ||     3
       Tin of tremorston |       |       |       |       |     2 ||     2
  Use: Scroll            |     1 |     2 |    15 |     5 |    11 ||    34
       Potion            |       |       |       |     5 |     4 ||     9
 Stab: Sleeping          |     5 |     2 |     2 |     1 |       ||    10
       Distracted        |       |       |     1 |     1 |     2 ||     4
       Confused          |       |       |       |     1 |       ||     1
       Petrified         |       |       |       |       |     2 ||     2
Armor: Leather armour    |     7 |     1 |       |       |       ||     8
       Ring mail         |       |    16 |    25 |       |       ||    41
       Robe              |       |       |   159 |   131 |   284 ||   574
Dodge: Dodged            |    18 |    28 |   252 |   228 |   554 ||  1080
Block: Buckler           |       |       |       |    56 |   188 ||   244

Table legend: (Time is in decaauts)
 A = Elapsed time spent in this place.
 B = Non-inter-level travel time spent in this place.
 C = Inter-level travel time spent in this place.
 D = Time resting spent in this place.
 E = Time spent auto-exploring this place.
 F = Levels seen in this place.
 G = Mean time per level.
                   A        B        C        D        E       F      G
               +--------+--------+--------+--------+--------+-----+--------+
         Total |  42699 |  40396 |   2303 |  15810 |  18202 |  23 | 1856.5 |
       Dungeon |  20551 |  18918 |   1633 |   5787 |  10476 |  11 | 1868.3 |
        Temple |      1 |      1 |      0 |      0 |      0 |   1 |    1.0 |
          Lair |  12393 |  11811 |    582 |   4381 |   5660 |   6 | 2065.5 |
  Orcish Mines |   5909 |   5821 |     88 |   3731 |   1032 |   2 | 2954.5 |
         Sewer |   1380 |   1380 |      0 |    951 |    200 |   1 | 1380.0 |
       Volcano |    696 |    696 |      0 |    152 |    243 |   1 |  696.0 |
      Gauntlet |   1766 |   1766 |      0 |    807 |    589 |   1 | 1766.0 |
               +--------+--------+--------+--------+--------+-----+--------+

Top non-repeatable levels by time:
  Lair:6: 4085 daAuts
    D:11: 3853 daAuts
   Orc:1: 3323 daAuts
   Orc:2: 2586 daAuts
    D:10: 2509 daAuts
     D:8: 2300 daAuts
  Lair:4: 1948 daAuts
  Lair:1: 1924 daAuts
     D:6: 1870 daAuts
     D:9: 1828 daAuts
Gauntlet: 1766 daAuts
  Lair:3: 1668 daAuts
     D:2: 1586 daAuts
     D:1: 1536 daAuts
     D:7: 1457 daAuts
